ORI
MISSISSIPPI STATE UNIVERSITY BULLDOGS @ FLORIDA STATE UNIVERSITY SEMINOLES
11/09/2048
 
TOP OF THE 1ST
Florida State University Seminoles batting - Pitching for University of Southern California Trojans : RHP Ville Nyman
Pitching: RHP Ville Nyman
Batting: RHB Ray Johnson 0-0: Ball
1-0: Foul Ball, location: 2F
1-1: Ball
2-1: Ball
3-1: Base on Balls
Batting: LHB Simon Barry 0-0: Ball
1-0: Ball
Ray Johnson is caught stealing 2nd base 2-6
2-0: Foul Ball, location: 2F
2-1: Foul Ball, location: 2F
2-2: Foul Ball, location: 2F
2-2: DOUBLE (Flyball, 8LXD, EV 99.4 MPH)
Batting: LHB Ethan Ware 0-0: Ball
1-0: Called Strike
1-1: Ball
2-1: Ball
3-1: Foul Ball, location: 2F
3-2: Base on Balls
Batting: RHB Washichi Goto 0-0: Ball
1-0: Ball
2-0: Ball
3-0: Called Strike
3-1: Foul Ball, location: 2F
3-2: Strikes out swinging
Batting: RHB Tony Valdez 0-0: Foul Ball, location: 2F
0-1: Ground out 5-3 (Groundball, 56S, EV 85.6 MPH)
Top of the 1st over - 0 runs, 1 hit, 0 errors, 2 left on base; Florida State University 0 - University of Southern California 0
BOTTOM OF THE 1ST
University of Southern California Trojans batting - Pitching for Florida State University Seminoles : LHP Tsuyashi Kurosawa
Pitching: LHP Tsuyashi Kurosawa
Batting: RHB Jochen Schanz 0-0: Called Strike
0-1: Foul Ball, location: 2F
0-2: Foul Ball, location: 2F
0-2: Fly out, F8 (Flyball, 8LXD, EV 98.1 MPH)
Batting: RHB Mike Woodard 0-0: Ball
1-0: Foul Ball, location: 2F
1-1: Called Strike
1-2: Strikes out swinging
Batting: RHB Dennis Tempel 0-0: Ball
1-0: Ball
2-0: Swinging Strike
2-1: Ball
3-1: Base on Balls
Batting: RHB Tri Kartini 0-0: Called Strike
0-1: Called Strike
0-2: Ball
1-2: Strikes out swinging
Bottom of the 1st over - 0 runs, 0 hits, 0 errors, 1 left on base; Florida State University 0 - University of Southern California 0
TOP OF THE 2ND
Florida State University Seminoles batting - Pitching for University of Southern California Trojans : RHP Ville Nyman
Batting: RHB Ed Vilches 0-0: Ground out 5-3 (Groundball, 56S, EV 90.6 MPH)
Batting: RHB Emilio Guerra 0-0: Ground out 6-3 (Groundball, 6, EV 81.9 MPH)
Batting: RHB Aaron Sartini 0-0: Foul Ball, location: 2F
0-1: Ball
1-1: Foul Ball, location: 2F
1-2: Ball
2-2: Foul Ball, location: 2F
2-2: Ball
3-2: Base on Balls
Batting: RHB Terry Cisneros 0-0: Foul Ball, location: 2F
0-1: Swinging Strike
0-2: Strikes out swinging
Top of the 2nd over - 0 runs, 0 hits, 0 errors, 1 left on base; Florida State University 0 - University of Southern California 0
BOTTOM OF THE 2ND
University of Southern California Trojans batting - Pitching for Florida State University Seminoles : LHP Tsuyashi Kurosawa
Batting: RHB Eric Baker 0-0: Swinging Strike
0-1: Swinging Strike
0-2: Foul Ball, location: 2F
0-2: Foul Ball, location: 2F
0-2: Ball
1-2: Ball
2-2: Reached on error, E6 (Groundball, 6, EV 88.1 MPH)
Batting: LHB Alonzo Catalan 0-0: Called Strike
0-1: Called Strike
0-2: Ball
1-2: Ball
2-2: Ball
3-2: Foul Ball, location: 2F
3-2: Strikes out swinging
Batting: LHB Justin Veirs 0-0: Swinging Strike
0-1: Ball
1-1: Ground out 6-3 (Groundball, 6, EV 103.1 MPH)
Batting: RHB Liangde Zhou 0-0: Called Strike
0-1: Ball
1-1: Called Strike
1-2: Foul Ball, location: 2F
1-2: Ball
2-2: Foul Ball, location: 2F
2-2: Foul Ball, location: 2F
2-2: Strikes out swinging
Bottom of the 2nd over - 0 runs, 0 hits, 1 error, 1 left on base; Florida State University 0 - University of Southern California 0
TOP OF THE 3RD
Florida State University Seminoles batting - Pitching for University of Southern California Trojans : RHP Ville Nyman
Batting: RHB Ray Johnson 0-0: Foul Ball, location: 2F
0-1: SINGLE (Line Drive, 9S, EV 95.6 MPH)
Batting: LHB Simon Barry 0-0: Fielders Choice at 2nd, 4-6 (Groundball, 4, EV 77.5 MPH)
Batting: LHB Ethan Ware 0-0: Called Strike
0-1: Hit by Pitch
Simon Barry to second
Batting: RHB Washichi Goto 0-0: Fielders Choice at 2nd, 6-4 (Groundball, 6, EV 84.4 MPH)
Simon Barry to third
Batting: RHB Tony Valdez 0-0: Called Strike
0-1: Ball
1-1: Foul Ball, location: 2F
1-2: Ball
2-2: Ball
3-2: Base on Balls
Washichi Goto to second
Batting: RHB Ed Vilches 0-0: Ball
Passed Ball!
Simon Barry scores
Washichi Goto to third
Tony Valdez to second
1-0: Fly out, F7 (Flyball, 7, EV 95.6 MPH)
Top of the 3rd over - 1 run, 1 hit, 0 errors, 2 left on base; Florida State University 1 - University of Southern California 0
BOTTOM OF THE 3RD
University of Southern California Trojans batting - Pitching for Florida State University Seminoles : LHP Tsuyashi Kurosawa
Batting: LHB Eli Evenson 0-0: Ball
1-0: Foul Ball, location: 2F
1-1: Reached on error, E5 (Groundball, 56, EV 100.6 MPH)
Batting: RHB Jochen Schanz 0-0: Called Strike
0-1: Ball
1-1: Ball
2-1: Called Strike
2-2: Foul Ball, location: 2F
2-2: Ball
3-2: Foul Ball, location: 2F
3-2: Fielders Choice at 2nd, 4-6 (Groundball, 4, EV 100.6 MPH)
Batting: RHB Mike Woodard 0-0: TRIPLE (Flyball, 9D, EV 87.5 MPH)
Jochen Schanz scores
Batting: RHB Dennis Tempel 0-0: Swinging Strike
0-1: Ball
1-1: Swinging Strike
1-2: Strikes out looking
Batting: RHB Tri Kartini 0-0: Ball
1-0: Fly out, F4 (Popup, 4S, EV 71.9 MPH)
Bottom of the 3rd over - 1 run, 1 hit, 1 error, 1 left on base; Florida State University 1 - University of Southern California 1
TOP OF THE 4TH
Florida State University Seminoles batting - Pitching for University of Southern California Trojans : RHP Ville Nyman
Batting: RHB Emilio Guerra 0-0: Foul Ball, location: 2F
0-1: Foul Ball, location: 2F
0-2: Ground out 5-3 (Groundball, 5L, EV 105.0 MPH)
Batting: RHB Aaron Sartini 0-0: Called Strike
0-1: Ball
1-1: Ball
2-1: Foul Ball, location: 2F
2-2: Strikes out swinging
Batting: RHB Terry Cisneros 0-0: Called Strike
0-1: Ball
1-1: Foul Ball, location: 2F
1-2: Foul Ball, location: 2F
1-2: Ball
2-2: Fly out, F7 (Flyball, 7S, EV 80.6 MPH)
Top of the 4th over - 0 runs, 0 hits, 0 errors, 0 left on base; Florida State University 1 - University of Southern California 1
BOTTOM OF THE 4TH
University of Southern California Trojans batting - Pitching for Florida State University Seminoles : LHP Tsuyashi Kurosawa
Batting: RHB Eric Baker 0-0: Ground out 5-3 (Groundball, 56, EV 90.6 MPH)
Batting: LHB Alonzo Catalan 0-0: Called Strike
0-1: Ball
1-1: Fly out, F9 (Line Drive, 9LM, EV 91.2 MPH)
Batting: LHB Justin Veirs 0-0: Ball
1-0: Called Strike
1-1: Foul Ball, location: 2F
1-2: Ball
2-2: Strikes out swinging
Bottom of the 4th over - 0 runs, 0 hits, 0 errors, 0 left on base; Florida State University 1 - University of Southern California 1
TOP OF THE 5TH
Florida State University Seminoles batting - Pitching for University of Southern California Trojans : RHP Ville Nyman
Batting: RHB Ray Johnson 0-0: Called Strike
0-1: Fly out, F7 (Line Drive, 7, EV 105.0 MPH)
Batting: LHB Simon Barry 0-0: Called Strike
0-1: Ball
1-1: Foul Ball, location: 2F
1-2: Strikes out swinging
Batting: LHB Ethan Ware 0-0: Fly out, F9 (Flyball, 9, EV 93.1 MPH)
Top of the 5th over - 0 runs, 0 hits, 0 errors, 0 left on base; Florida State University 1 - University of Southern California 1
BOTTOM OF THE 5TH
University of Southern California Trojans batting - Pitching for Florida State University Seminoles : LHP Tsuyashi Kurosawa
Batting: RHB Liangde Zhou 0-0: Fly out, F8 (Flyball, 8RS, EV 82.5 MPH)
Batting: LHB Eli Evenson 0-0: Called Strike
0-1: Ball
1-1: Ball
2-1: Swinging Strike
2-2: Foul Ball, location: 2F
2-2: Foul Ball, location: 2F
2-2: Foul Ball, location: 2F
2-2: Strikes out swinging
Batting: RHB Jochen Schanz 0-0: Ball
1-0: Swinging Strike
1-1: Ball
2-1: Called Strike
2-2: Ball
3-2: Foul Ball, location: 2F
3-2: Foul Ball, location: 2F
3-2: Ground out 4-3 (Groundball, 4, EV 90.0 MPH)
Bottom of the 5th over - 0 runs, 0 hits, 0 errors, 0 left on base; Florida State University 1 - University of Southern California 1
TOP OF THE 6TH
Florida State University Seminoles batting - Pitching for University of Southern California Trojans : RHP Ville Nyman
Batting: RHB Washichi Goto 0-0: Ball
1-0: Foul Ball, location: 2F
1-1: Swinging Strike
1-2: Ball
2-2: Ball
3-2: Ground out 5-3 (Groundball, 5, EV 84.4 MPH)
Pitching: RHP Rick Acevedo
Batting: RHB Tony Valdez 0-0: Fly out, F8 (Line Drive, 8RD, EV 91.9 MPH)
Batting: RHB Ed Vilches 0-0: Ball
1-0: Called Strike
1-1: Ball
2-1: Swinging Strike
2-2: Foul Ball, location: 2F
2-2: Strikes out swinging
Top of the 6th over - 0 runs, 0 hits, 0 errors, 0 left on base; Florida State University 1 - University of Southern California 1
BOTTOM OF THE 6TH
University of Southern California Trojans batting - Pitching for Florida State University Seminoles : LHP Tsuyashi Kurosawa
Pitching: RHP Danny Weiss
Batting: RHB Mike Woodard 0-0: Called Strike
0-1: Ground out 5-3 (Groundball, 56, EV 87.5 MPH)
Batting: RHB Dennis Tempel 0-0: Ball
1-0: Ball
2-0: Called Strike
2-1: Ball
3-1: Foul Ball, location: 2F
3-2: Reached via error on a dropped throw from 1B, E1 (Groundball, 34S, EV 86.9 MPH)
Batting: RHB Tri Kartini 0-0: Called Strike
0-1: Swinging Strike
0-2: Foul Ball, location: 2F
0-2: Fly out, F6 (Line Drive, 4M, EV 70.0 MPH)
Batting: RHB Eric Baker 0-0: Called Strike
0-1: Called Strike
0-2: Ball
1-2: Foul Ball, location: 2F
1-2: Strikes out swinging
Bottom of the 6th over - 0 runs, 0 hits, 1 error, 1 left on base; Florida State University 1 - University of Southern California 1
TOP OF THE 7TH
Florida State University Seminoles batting - Pitching for University of Southern California Trojans : RHP Rick Acevedo
Pinch Hitting: LHB Matt Stewart 0-0: Ball
1-0: Called Strike
1-1: SINGLE (Flyball, 78S, EV 92.5 MPH)
Batting: RHB Aaron Sartini 0-0: Bunt missed!
0-1: Bunted foul
0-2: Fielders Choice at 2nd, 6-4 (Groundball, 56D, EV 108.8 MPH)
Pinch Hitting: SHB Jason Farr 0-0: Ball
1-0: Called Strike
Aaron Sartini steals 2nd base
1-1: Called Strike
1-2: Foul Ball, location: 2F
1-2: Foul Ball, location: 2F
1-2: Ball
2-2: Strikes out swinging
Pinch Hitting: LHB John Doiron 0-0: Foul Ball, location: 2F
0-1: Ball
1-1: Ball
2-1: SINGLE (Groundball, 4MD, EV 96.2 MPH)
Aaron Sartini to third
Runner from 3rd tries for Home, SAFE, throw by CF to home
Batting: LHB Simon Barry 0-0: Ball
John Doiron is caught stealing 2nd base 2-6
Top of the 7th over - 1 run, 2 hits, 0 errors, 0 left on base; Florida State University 2 - University of Southern California 1
BOTTOM OF THE 7TH
University of Southern California Trojans batting - Pitching for Florida State University Seminoles : RHP Danny Weiss
Now at 1B: John Welsh
Now in LF: Ruben Moreno
Now in RF: Bill Christiansen
Pinch Hitting: RHB Jim Baltazar 0-0: Swinging Strike
0-1: Foul Ball, location: 2F
0-2: Ground out 6-3 (Groundball, 6, EV 83.8 MPH)
Pinch Hitting: SHB Jason Keys 0-0: Ball
1-0: Ball
2-0: Ground out U3 (Groundball, 34S, EV 63.1 MPH)
Pinch Hitting: LHB Roger Kean 0-0: Ball
1-0: Ball
2-0: Called Strike
2-1: Called Strike
2-2: Ball
3-2: SOLO HOME RUN (Flyball, 9D, EV 95.6 MPH), Distance : 373 ft
Batting: LHB Eli Evenson 0-0: Foul Ball, location: 2F
0-1: Ground out 3-1 (Groundball, 34S, EV 83.1 MPH)
Bottom of the 7th over - 1 run, 1 hit, 0 errors, 0 left on base; Florida State University 2 - University of Southern California 2
TOP OF THE 8TH
Florida State University Seminoles batting - Pitching for University of Southern California Trojans : RHP Rick Acevedo
Now in LF: Mhelter Daulong
Now in CF: Brad Betterton
Now in RF: George Hillock
Batting: LHB Simon Barry 0-0: Called Strike
0-1: Ball
1-1: Reached on error, E6 (Groundball, 56, EV 90.6 MPH)
Batting: LHB Ethan Ware
Pinch Hitting: RHB Jonathan Bruni 0-0: Fielders Choice at 2nd, 4-6 (Groundball, 4S, EV 83.1 MPH)
Batting: RHB George Smienk 0-0: Called Strike
0-1: Ball
1-1: Called Strike
1-2: Ball
2-2: Grounds into double play, 6-4-3 (Groundball, 6, EV 87.5 MPH)
Top of the 8th over - 0 runs, 0 hits, 1 error, 0 left on base; Florida State University 2 - University of Southern California 2
BOTTOM OF THE 8TH
University of Southern California Trojans batting - Pitching for Florida State University Seminoles : RHP Danny Weiss
Pitching: LHP Nick Linkletter
Now at SS: J.R. Harvey
Pinch Hitting: RHB John Sandberg 0-0: Foul Ball, location: 2F
0-1: Ball
1-1: Ground out 6-3 (Groundball, 6, EV 91.2 MPH)
Batting: RHB Mike Woodard 0-0: Swinging Strike
0-1: Ball
1-1: Fly out, F8 (Line Drive, 8RM, EV 93.8 MPH)
Batting: RHB Dennis Tempel 0-0: Ball
1-0: Ball
2-0: Swinging Strike
2-1: Swinging Strike
2-2: Foul Ball, location: 2F
2-2: Strikes out swinging
Bottom of the 8th over - 0 runs, 0 hits, 0 errors, 0 left on base; Florida State University 2 - University of Southern California 2
TOP OF THE 9TH
Florida State University Seminoles batting - Pitching for University of Southern California Trojans : RHP Rick Acevedo
Pitching: LHP Brian Cullom
Now at 2B: Kasey Kasarda
Pinch Hitting: RHB Bart Hall 0-0: Foul Ball, location: 2F
0-1: Foul Ball, location: 2F
0-2: Ball
1-2: Ball
2-2: Ground out 5-3 (Groundball, 25, EV 95.0 MPH)
Pinch Hitting: RHB Randy Bartlett 0-0: Called Strike
0-1: Swinging Strike
0-2: Foul Ball, location: 2F
0-2: Ball
1-2: Foul Ball, location: 2F
1-2: Ball
2-2: Strikes out swinging
Batting: SHB John Welsh 0-0: Swinging Strike
0-1: Ball
1-1: Ball
2-1: Ball
3-1: Foul Ball, location: 2F
3-2: Foul Ball, location: 2F
3-2: Ground out 4-3 (Groundball, 4, EV 83.1 MPH)
Top of the 9th over - 0 runs, 0 hits, 0 errors, 0 left on base; Florida State University 2 - University of Southern California 2
BOTTOM OF THE 9TH
University of Southern California Trojans batting - Pitching for Florida State University Seminoles : LHP Nick Linkletter
Now at C: Hastings Miller
Now at 2B: Jon Odle
Batting: RHB Tri Kartini 0-0: Ball
1-0: Called Strike
1-1: DOUBLE (Flyball, 78D, EV 105.6 MPH)
Pinch Hitting: RHB Dam Giap 0-0: Called Strike
0-1: Ball
1-1: Foul Ball, location: 2F
1-2: Foul Ball, location: 2F
1-2: Fly out, F5 (Popup, 5S, EV 80.6 MPH)
Batting: SHB Mhelter Daulong 0-0: Intentional Walk
Batting: LHB Brad Betterton 0-0: Bunted foul
0-1: Bunt missed!
0-2: Foul Ball, location: 2F
0-2: Foul Ball, location: 2F
0-2: Ball
1-2: Ball
2-2: Ground out U3 (Groundball, 34S, EV 66.9 MPH)
Tri Kartini to third
Mhelter Daulong to second
Pinch Hitting: RHB Eduardo Mejorado 0-0: Intentional Walk
Batting: RHB Joe Keough 0-0: Called Strike
0-1: Called Strike
0-2: Ball
1-2: Ball
2-2: Ball
3-2: Fly out, F8 (Flyball, 8RXD, EV 98.8 MPH)
Bottom of the 9th over - 0 runs, 1 hit, 0 errors, 3 left on base; Florida State University 2 - University of Southern California 2
TOP OF THE 10TH
Florida State University Seminoles batting - Pitching for University of Southern California Trojans : LHP Brian Cullom
Now at C: Bobby Basoco
Now in LF: Alberto Reyes
Now in RF: Mhelter Daulong
Pinch Hitting: RHB Grayson Carmichael 0-0: Called Strike
0-1: Foul Ball, location: 2F
0-2: Ball
1-2: Foul Ball, location: 2F
1-2: Ball
2-2: Ball
3-2: Hit by Pitch
Pinch Hitting: LHB Jeff Shields 0-0: Bunt missed!
0-1: Sac Bunt to 13 - play at first, batter OUT! 1-4
Grayson Carmichael to second
Batting: RHB Bill Christiansen 0-0: Called Strike
0-1: Ball
Wild Pitch!
Grayson Carmichael to third
1-1: Squeeze Bunt to 13S - play home, runner OUT, batter safe! 1-2
Pinch Hitting: RHB Julio Mendoza 0-0: Ball
1-0: Ball
2-0: Swinging Strike
2-1: Ball
3-1: Foul Ball, location: 2F
3-2: Strikes out swinging
Top of the 10th over - 0 runs, 0 hits, 0 errors, 1 left on base; Florida State University 2 - University of Southern California 2
BOTTOM OF THE 10TH
University of Southern California Trojans batting - Pitching for Florida State University Seminoles : LHP Nick Linkletter
Pitching: RHP John Scott
Now at 3B: Jeff Shields
Now in LF: John Hunt
Now in CF: Brian Clayton
Batting: RHB Kasey Kasarda 0-0: Ball
1-0: Foul Ball, location: 2F
1-1: Ground out 4-3 (Groundball, 34D, EV 88.8 MPH)
Batting: RHB Mike Woodard 0-0: Swinging Strike
0-1: Foul Ball, location: 2F
0-2: Strikes out swinging
Pinch Hitting: RHB Joey Fields 0-0: Ball
1-0: Called Strike
1-1: Ground out 6-3 (Groundball, 56, EV 93.8 MPH)
Bottom of the 10th over - 0 runs, 0 hits, 0 errors, 0 left on base; Florida State University 2 - University of Southern California 2
TOP OF THE 11TH
Florida State University Seminoles batting - Pitching for University of Southern California Trojans : LHP Brian Cullom
Pitching: RHP Aaron Haver
Now at 1B: Santiago Romero
Batting: RHB J.R. Harvey 0-0: Swinging Strike
0-1: Foul Ball, location: 2F
0-2: Strikes out looking
Batting: RHB George Smienk 0-0: Called Strike
0-1: Ball
1-1: Ball
2-1: Ball
3-1: Fly out, F7 (Line Drive, 7S, EV 91.9 MPH)
Batting: SHB Jon Odle 0-0: Swinging Strike
0-1: Foul Ball, location: 2F
0-2: Ball
1-2: Foul Ball, location: 2F
1-2: Ball
2-2: Foul Ball, location: 2F
2-2: Ball
3-2: Fly out, F9 (Flyball, 89M, EV 85.0 MPH)
Top of the 11th over - 0 runs, 0 hits, 0 errors, 0 left on base; Florida State University 2 - University of Southern California 2
BOTTOM OF THE 11TH
University of Southern California Trojans batting - Pitching for Florida State University Seminoles : RHP John Scott
Batting: RHB Tri Kartini 0-0: SINGLE (Flyball, 8LS, EV 95.0 MPH)
Batting: LHB Alberto Reyes 0-0: Ball
1-0: Called Strike
1-1: Fly out, F8 (Flyball, 8LD, EV 108.8 MPH)
Batting: SHB Mhelter Daulong 0-0: Called Strike
0-1: Ball
1-1: Foul Ball, location: 2F
1-2: SINGLE (Groundball, 4, EV 110.0 MPH)
Tri Kartini to second
Batting: LHB Brad Betterton 0-0: Foul Ball, location: 2F
0-1: Bunt missed!
0-2: Ball
1-2: Foul Ball, location: 2F
1-2: Ball
2-2: Foul Ball, location: 2F
2-2: Foul Ball, location: 2F
2-2: Foul Ball, location: 2F
2-2: Foul Ball, location: 2F
2-2: Foul Ball, location: 2F
2-2: Foul Ball, location: 2F
2-2: Ball
3-2: Fly out, F8 (Flyball, 78M, EV 91.9 MPH)
Pinch Hitting: RHB Edwin Figueroa 0-0: Ball
1-0: Swinging Strike
1-1: Called Strike
1-2: Ball
2-2: 3-RUN HOME RUN (Flyball, 7D, EV 101.9 MPH), Distance : 410 ft
Bottom of the 11th over - 3 runs, 3 hits, 0 errors, 0 left on base; Florida State University 2 - University of Southern California 5
Tuesday, March 28th , 2023 - OOTP Baseball 23.10 Build 110